 Dungeon Crawl Stone Soup version 0.20-a0-1122-gb7cbeb9 (webtiles) character file.

5839 George the Carver (level 10, -11/88 HPs)
             Began as a Minotaur Fighter on May 13, 2017.
             Was a High Priest of Okawaru.
             Mangled by a two-headed ogre
             ... wielding a +0 giant spiked club
              (19 damage)
             ... on level 9 of the Dungeon.
             The game lasted 00:15:49 (7412 turns).

George the Carver (Minotaur Fighter)                Turns: 7412, Time: 00:15:50

Health: -11/88     AC: 13    Str: 23    XL:     10   Next: 51%
Magic:  11/13      EV: 16    Int: 11    God:    Okawaru [*****.]
Gold:   380        SH: 13    Dex: 11    Spells: 9/9 levels left

rFire    . . .     SeeInvis .   a - +1 long sword
rCold    . . .     Gourm    .   c - +0 shield
rNeg     . . .     Faith    .   v - +1 ring mail of Trog's No More Talking {rPois rCorr Int+6}
rPois    +         Spirit   .   (helmet restricted)
rElec    .         Reflect  .   (no cloak)
rCorr    +         Harm     .   n - +2 pair of gloves
MR       .....                  j - +0 pair of boots
Stlth    ++........             (no amulet)
Regen    0.3/turn               B - ring of resist corrosion
MPRegen  0.2/turn               (no ring)

@: heroism
A: retaliatory headbutt, horns 2
a: Heroism, Finesse, Renounce Religion


You were on level 9 of the Dungeon.
You worshipped Okawaru.
Okawaru was extremely pleased with you.
You were not hungry.

You visited 2 branches of the dungeon, and saw 10 of its levels.

You collected 527 gold pieces.
You spent 147 gold pieces at shops.

Inventory:

Hand Weapons
 a - a +1 long sword (weapon)
Missiles
 w - 3 javelins (quivered)
 E - 2 exploding tomahawks
Armour
 c - a +0 shield (worn)
 j - a +0 pair of boots (worn)
 n - a +2 pair of gloves (worn)
 v - the +1 ring mail of Trog's No More Talking (worn) {rPois rCorr Int+6}
   (You found it on level 4 of the Dungeon)

   It affects your intelligence (+6).
   It protects you from poison.
   It protects you from acid and corrosion.
Jewellery
 i - an uncursed ring of ice
 B - a ring of resist corrosion (left hand)
 H - an uncursed ring of fire
Wands
 y - a wand of confusion (26/48)
Scrolls
 e - a scroll of fear {unknown}
 g - 3 scrolls of remove curse
 h - a scroll of enchant weapon
 o - 4 scrolls of enchant armour {unknown}
 p - a scroll of recharging {unknown}
 q - 2 scrolls of blinking
 r - 8 scrolls of teleportation
 t - a scroll of fog {unknown}
 x - 2 scrolls of random uselessness {unknown}
 D - 3 scrolls of immolation {unknown}
Potions
 b - 2 potions of magic
 d - a potion of might
 k - 3 potions of flight
 s - 2 potions of curing
 u - a potion of brilliance {unknown}
 z - a potion of haste {unknown}
 C - a potion of mutation {unknown}
 G - a potion of resistance {unknown}
Comestibles
 f - 5 bread rations
 l - 5 royal jellies
 m - 4 fruits
 F - 2 meat rations


   Skills:
 + Level 7.8(12.8) Fighting
 * Level 10.8(15.8) Long Blades
 + Level 7.5(12.5) Armour
 + Level 6.5(11.5) Dodging
 + Level 8.0(13.0) Shields
 + Level 5.9 Invocations


You had 9 spell levels left.
You didn't know any spells.

Dungeon Overview and Level Annotations

Branches:
Dungeon (9/15)             Temple (1/1) D:7
   Lair: D:8-11         Orc: D:9-12

Altars:
Ashenzari
Cheibriados
Dithmenos
Elyvilon
Fedhas
Gozag
Hepliaklqana
Kikubaaqudgha
Nemelex Xobeh
Okawaru
Qazlal
Sif Muna
Trog
Uskayaw
Vehumet
Wu Jian
Xom
Yredelemnul
Zin
The Shining One

Shops:
D:8 ?


Innate Abilities, Weirdness & Mutations

You reflexively headbutt those who attack you in melee.
You have a pair of horns on your head.


Message History

You barely miss the two-headed ogre. You headbutt the two-headed ogre.
The two-headed ogre is moderately wounded.
You barely miss the two-headed ogre. You headbutt the two-headed ogre!
The two-headed ogre is heavily wounded.
You block the two-headed ogre's attack. x2
You barely miss the two-headed ogre. You headbutt the two-headed ogre!
The two-headed ogre is severely wounded.
You hit the two-headed ogre but do no damage.
The two-headed ogre is severely wounded.
The two-headed ogre hits you with a giant spiked club.
* * * LOW HITPOINT WARNING * * *
You block the two-headed ogre's attack.
You slash the two-headed ogre!
The two-headed ogre is almost dead.
You hit the two-headed ogre but do no damage.
The two-headed ogre is almost dead.
The two-headed ogre hits you with a giant spiked club!
* * * LOW HITPOINT WARNING * * *
The two-headed ogre hits you with a giant spiked club!!
You die...

########### #.........# #
##.........#
..#####..........#
#....#..#).......#
##...##...)....#
##..####..).....#
#....###...(...@### ##
...##..##.......O..# #...
.## ##.##........).#
####..... #
#.##..........###.....#.#
#.####.######.(..[##.....
#.###### #.((.).......
#...## ########.....
###..## .... ##...# ...


You could see a two-headed ogre.

Vanquished Creatures
  A two-headed ogre (D:7)
  The ghost of Protee the Grappler, a novice DrTm of Cheibriados (D:7)
  Pikel (D:8)
  Psyche (D:8)
  2 trolls (D:9)
  A wyvern (D:8)
  2 orc warriors (D:7)
  3 sky beasts
  2 slaves (D:8)
  2 ice beasts
  2 black bears
  4 ogres
  A crocodile (D:8)
  2 centaurs
  8 bullfrogs
  4 scorpions
  2 howler monkeys
  A crimson imp (D:8)
  2 quasits
  3 bullfrog zombies
  3 hounds
  2 jellies
  4 orc priests
  A bullfrog skeleton (D:6)
  2 iguanas
  8 orc wizards
  2 worker ants (D:5)
  2 hound zombies (D:6)
  3 hound skeletons
  2 worker ant zombies
  2 howler monkey zombies
  8 adders
  2 shadow imps
  2 oozes
  An adder zombie (D:8)
  2 worms (D:3)
  A dart slug (D:1)
  2 leopard geckos
  24 orcs
  11 bats
  19 giant cockroaches
  4 goblins
  2 hobgoblins
  13 jackals
  6 kobolds
  5 quokkas
  2 ball pythons
  A ball python zombie (D:6)
  4 frilled lizards
  A leopard gecko skeleton (D:4)
  A leopard gecko zombie (D:6)
  2 quokka skeletons
  A quokka zombie (D:5)
  5 rats
195 creatures vanquished.

Vanquished Creatures (others)
  6 killer bees (D:9)
  An orc wizard (D:4)
  13 plants (D:9)
20 creatures vanquished.

Grand Total: 215 creatures vanquished

Notes
Turn   | Place    | Note
-------+----------+-------------------------------------------
     0 | D:1      | George the Minotaur Fighter began the quest for the Orb.
     0 | D:1      | Reached XP level 1. HP: 19/19 MP: 0/0
   207 | D:1      | Reached skill level 3 in Long Blades
   254 | D:1      | Reached XP level 2. HP: 22/26 MP: 1/1
   870 | D:2      | Reached skill level 4 in Long Blades
   876 | D:2      | Reached XP level 3. HP: 29/31 MP: 2/2
  1027 | D:2      | Reached skill level 5 in Long Blades
  1099 | D:2      | Found an ancient bone altar of Kikubaaqudgha.
  1134 | D:2      | Found a blossoming altar of Fedhas.
  1181 | D:2      | Found a glowing silver altar of Zin.
  1181 | D:2      | Noticed an angel
  1248 | D:2      | Found a white marble altar of Elyvilon.
  1300 | D:3      | Reached XP level 4. HP: 39/39 MP: 3/3
  1301 | D:3      | Found an iron altar of Okawaru.
  1308 | D:3      | Became a worshipper of Warmaster Okawaru
  1433 | D:3      | Found a shadowy altar of Dithmenos.
  1817 | D:4      | Got a jewelled ring mail
  1828 | D:4      | Identified the +1 ring mail of Trog's No More Talking {rPois rCorr Int+6} (You found it on level 4 of the Dungeon)
  1942 | D:4      | Reached XP level 5. HP: 38/46 MP: 4/4
  2066 | D:4      | Reached skill level 1 in Invocations
  2177 | D:4      | Reached skill level 1 in Dodging
  2354 | D:4      | Reached skill level 6 in Long Blades
  2354 | D:4      | Reached XP level 6. HP: 50/52 MP: 6/6
  2366 | D:4      | Found a shimmering altar of Xom.
  2403 | D:4      | Reached * piety under Okawaru
  2438 | D:5      | Entered Level 5 of the Dungeon
  2509 | D:5      | Noticed a sky beast
  2517 | D:5      | Killed a sky beast
  2556 | D:5      | Reached XP level 7. HP: 55/60 MP: 7/7
  2868 | D:5      | Reached ** piety under Okawaru
  3020 | D:5      | Found a deep blue altar of Sif Muna.
  3060 | D:5      | Found a glowing golden altar of the Shining One.
  3060 | D:5      | Found a bloodstained altar of Trog.
  3079 | D:5      | Reached skill level 7 in Long Blades
  3280 | D:6      | Reached skill level 5 in Shields
  3322 | D:6      | Reached skill level 5 in Fighting
  3322 | D:6      | Reached skill level 5 in Armour
  3537 | D:6      | Reached XP level 8. HP: 68/68 MP: 9/9
  3888 | D:6      | Reached *** piety under Okawaru
  4149 | D:7      | Reached skill level 8 in Long Blades
  4166 | D:7      | Noticed Protee's ghost (novice DrTm)
  4403 | D:7      | Killed Protee's ghost
  4408 | D:7      | Reached **** piety under Okawaru
  4408 | D:7      | Reached XP level 9. HP: 37/75 MP: 9/11
  4734 | D:7      | Noticed a two-headed ogre
  4748 | D:7      | Killed a two-headed ogre
  4748 | D:7      | Reached skill level 9 in Long Blades
  5018 | D:7      | Found a radiant altar of Vehumet.
  5109 | D:7      | Reached skill level 5 in Dodging
  5565 | D:7      | Reached ***** piety under Okawaru
  5565 | D:7      | Reached skill level 10 in Long Blades
  5622 | D:7      | Found a staircase to the Ecumenical Temple.
  5628 | Temple   | Entered the Ecumenical Temple
  5980 | D:8      | Noticed Psyche
  5990 | D:8      | Killed Psyche
  5990 | D:8      | Reached skill level 5 in Invocations
  6165 | D:8      | Reached XP level 10. HP: 83/86 MP: 12/12
  6192 | D:8      | Noticed Pikel
  6215 | D:8      | Killed Pikel
  6347 | D:8      | Found Teuwus's Magic Scroll Shop.
  6353 | D:8      | Bought a scroll of teleportation for 42 gold pieces
  6353 | D:8      | Bought a scroll of blinking for 105 gold pieces
  7169 | D:9      | Received a gift from Okawaru
  7402 | D:9      | Noticed a two-headed ogre
  7412 | D:9      | Mangled by a two-headed ogre

Vault maps used:
D:1:      eino_arrival_cavern_c, dk_noncrumbling_3, hangedman_decor_opposing
D:2:      minmay_roachtagon, fedhas_altar_fruit_tree,
          nicolae_overflow_crystal_walls, overflow_temple_1_default, zin_angel,
          minmay_tromino_v7
D:3:      overflow_temple_1_default, nicolae_overflow_hidden_temple,
          grunt_dithmenos_smoke_and_mirrors, first_bread
D:4:      marbit_many_paths
D:5:      gammafunk_temple_overflow_forgotten
D:7:      old_standard_altar, minmay_temple_entry_enclosed_plants
D:8:      serial_shops, shop_statue, uniq_psyche, uniq_pikel
D:9:      kennysheep_kobold_camp, nicolae_ru_the_path_less_chosen,
          david_lair_shrubbed, hangedman_ranch, lemuel_old_faithful
Temple:   kb_temple_of_zot

Skill      XL: |  1  2  3  4  5  6  7  8  9 10 |
---------------+-------------------------------+-----
Long Blades    | 3 4 5 6 7 8 10 | 10.8
Armour         | 4 5 6 7 |  7.5
Fighting       | 4 5 6 7 |  7.8
Invocations    | 1 2 3 4 5 |  5.9
Dodging        | 1 2 3 4 5 6 |  6.5
Shields        | 4 5 6 7 8 |  8.0

Action                   |  1- 3 |  4- 6 |  7- 9 | 10-12 || total
-------------------------+-------+-------+-------+-------++-------
Melee: Long sword        |   118 |   108 |   330 |   145 ||   701
       Headbutt          |    17 |    27 |    70 |    34 ||   148
Throw: Javelin           |       |       |       |     3 ||     3
Invok: Heroism           |       |       |     1 |     2 ||     3
  Use: Scroll            |       |     4 |     3 |     1 ||     8
  Eat: Chunk             |     1 |     5 |    12 |     4 ||    22
Armor: Scale mail        |     7 |       |       |       ||     7
       Chain mail        |    72 |     9 |       |       ||    81
       Ring mail         |       |    29 |   114 |    40 ||   183
Dodge: Dodged            |    26 |    27 |   103 |    62 ||   218
Block: Shield            |    81 |    51 |   172 |    71 ||   375
       Rpst.: Long sword |     7 |     8 |    25 |    11 ||    51
